 Dungeon Crawl Stone Soup version 0.30.0-20-g3615ddf2f0 (webtiles) character file.

Game seed: 18284830959517837070

142 qw the Chopper (level 5, -3/32 HPs)
             Began as a Gargoyle Fighter on May 28, 2023.
             Slain by Natasha (8 damage)
             ... on level 2 of the Dungeon.
             The game lasted 00:00:49 (1817 turns).

qw the Chopper (Gargoyle Fighter)                   Turns: 1817, Time: 00:00:49

Health: -3/32      AC: 10    Str: 21    XL:     5   Next: 25%
Magic:  5/5        EV:  9    Int:  9    God:
Gold:   35         SH:  4    Dex:  9    Spells: 4/4 levels left

rFire   . . .        Y - +1 war axe (venom)
rCold   . . .        c - +0 buckler
rNeg    + . .        b - +0 scale mail
rPois   inf          (no helmet)
rElec   +            (no cloak)
rCorr   .            (no gloves)
SInv    .            (no boots)
Will    .....        (no amulet) Stlth
                     (no ring)
HPRegen 0.25/turn    (no ring)
MPRegen 0.09/turn

%: no passive effects
@: slowed, very slow
A: sickness immunity, AC +4, negative energy resistance 1, electricity
resistance, torment resistance 1, petrification resistance
a: no special abilities


You were on level 2 of the Dungeon.
You visited 1 branch of the dungeon, and saw 2 of its levels.

You collected 35 gold pieces.


Innate Abilities, Weirdness & Mutations

You are immune to sickness and miasma.
Your stone body is resilient. (AC +4)
You are immune to poison.
You resist negative energy. (rN+)
You are resistant to electric shocks. (rElec)
You are resistant to unholy torment.
You are immune to petrification.


   Skills:
 - Level 3.2 Fighting
 + Level 4.8 Axes
 - Level 3.2 Armour
 - Level 3.2 Shields


You had 4 spell levels left.
You didn't know any spells.
Your spell library was empty.

Inventory:

Hand Weapons
 n - a +0 flail
 Y - a +1 war axe of venom (weapon)
Missiles
 k - 6 boomerangs (quivered)
Armour
 b - a +0 scale mail (worn)
 c - a +0 buckler (worn)
 f - a +0 ring mail of cold resistance
Scrolls
 a - a scroll of magic mapping {unknown}
 m - a scroll of immolation {unknown}
 p - a scroll of identify {unknown}
Potions
 d - a potion of might
 e - a potion of resistance {unknown}
 g - a potion of berserk rage {unknown}
 h - a potion of curing
 i - a potion of degeneration {unknown}
 j - a potion of lignification {unknown}
 l - 2 potions of flight {unknown}
 o - a potion of magic {unknown}

Dungeon Overview and Level Annotations

Branches:
Dungeon (2/15)

Altars:

Annotations:
D:2 Natasha


Message History

Natasha barely misses you.
You closely miss Natasha.
Natasha stares at you and mumbles some strange words.
You resist with some effort.
You barely miss Natasha.
Natasha casts a spell.
Natasha claws you.
You closely miss Natasha.
Natasha howls an incantation.
Natasha shimmers violently.
Natasha mumbles some strange words.
The cerulean imp hits you from afar with a +2 spear.
You closely miss Natasha.
You hit the cerulean imp but do no damage.
The cerulean imp hits you but does no damage.
Natasha closely misses you.
The cerulean imp hits you but does no damage.
You closely miss Natasha. You closely miss the cerulean imp.
The cerulean imp hits you from afar with a +2 spear.
You block Natasha's attack.
The cerulean imp hits you with a +1 spear.
Natasha casts a spell at you.
You feel yourself slow down.
The cerulean imp hits you but does no damage.
You closely miss Natasha. You slash the cerulean imp!
The cerulean imp barely misses you.
The cerulean imp hits you but does no damage.
Natasha closely misses you.
The cerulean imp hits you with a +1 spear.
You block Natasha's attack. The cerulean imp barely misses you.
You miss the cerulean imp.
The cerulean imp is severely wounded.
You hit Natasha.
Natasha is poisoned.
The cerulean imp hits you but does no damage.
The cerulean imp hits you from afar with a +2 spear.
Natasha stares at you and mumbles some strange words.
You feel as though you will be slow longer.
The cerulean imp hits you but does no damage.
Natasha claws you!
You die...

...##.##.#
#.######.#########.#
..###.##.# #.# ### ##
#.# ..# #.##.###.###
~~~####.###
#####.##>.##...
...........
.........#.#.#
~~~#.##.##.
........###..# #
#.##.##.
########.#.#.######.#
#....##.
.......<............###
#.#####.
#########..<...5@h5...#
#.#####.
####.######...#
#.....[. ...# ###...#
#.###### #.#.. #.....#
#.# #.7##.##.....####.#
7 .............#
##......##### #
##......# #. #.......#


You could see Natasha (very poisoned) and 2 cerulean imps.

Vanquished Creatures
  Natasha (D:2)
  2 adders (D:2)
  4 gnolls (D:2)
  3 worms (D:2)
  3 dart slugs
  6 endoplasms
  3 giant cockroaches
  5 goblins (D:1)
  2 hobgoblins
  4 jackals (D:1)
  5 bats
  3 frilled lizards
  5 kobolds
  4 rats
50 creatures vanquished.

Notes
Turn   | Place    | Note
-------+----------+-------------------------------------------
     0 | D:1      | qw the Gargoyle Fighter began the quest for the Orb.
     0 | D:1      | Reached XP level 1. HP: 14/14 MP: 1/1
     0 | D:1      | 0 ||| qw: Version: 0.2-a-101-gf8a7cd0
     0 | D:1      | 0 ||| qw: Game counter: 277
     0 | D:1      | 0 ||| qw: Always use a shield: true
     0 | D:1      | 0 ||| qw: God list: Okawaru
     0 | D:1      | 0 ||| qw: Allow faded altars: false
     0 | D:1      | 0 ||| qw: Do Orc after D:15 true
     0 | D:1      | 0 ||| qw: Do second Lair branch before Depths: true
     0 | D:1      | 0 ||| qw: Lair rune preference: random
     0 | D:1      | 0 ||| qw: Plans: Normal, Zot:1-4, Slime:5, God:TSO, Crypt,
                  | Tomb, Pan, Hells, Abyss, Win
     0 | D:1      | 0 ||| PLANNING D:1-11
   182 | D:1      | Reached skill level 2 in Axes
   342 | D:1      | Reached XP level 2. HP: 19/19 MP: 2/2
   477 | D:1      | Reached skill level 3 in Axes
   520 | D:1      | Reached XP level 3. HP: 23/23 MP: 3/3
   564 | D:1      | 564 ||| Stepping ~*~*~tactically~*~*~ (stealth).
   567 | D:1      | 567 ||| Stepping ~*~*~tactically~*~*~ (hiding).
  1007 | D:1      | 1007 ||| READING scroll labelled PUUNTI VONU.
  1008 | D:1      | 1008 ||| READING scroll labelled JOULUI SADD.
  1009 | D:1      | 1009 ||| DRINKING 2 bubbling black potions.
  1078 | D:2      | 1078 ||| Stepping ~*~*~tactically~*~*~ (hiding).
  1313 | D:2      | Reached XP level 4. HP: 28/28 MP: 4/4
  1397 | D:2      | 1397 ||| DROPPING +0 whip.
  1407 | D:2      | Reached skill level 4 in Axes
  1417 | D:2      | 1417 ||| Stepping ~*~*~tactically~*~*~ (hiding).
  1538 | D:2      | 1538 ||| FLEEEEING.
  1539 | D:2      | 1539 ||| FLEEEEING.
  1540 | D:2      | 1540 ||| FLEEEEING.
  1541 | D:2      | 1541 ||| FLEEEEING.
  1575 | D:2      | Noticed Natasha
  1576 | D:2      | 1576 ||| Stepping ~*~*~tactically~*~*~ (hiding).
  1581 | D:2      | Killed Natasha
  1602 | D:2      | 1602 ||| Stepping ~*~*~tactically~*~*~ (stealth).
  1608 | D:2      | Reached XP level 5. HP: 21/32 MP: 5/5
  1806 | D:2      | Noticed Natasha
  1816 | D:2      | HP: 7/32 [cerulean imp/+1 spear[Natasha] (4)]
  1817 | D:2      | Slain by Natasha

Levels and vault maps discovered:
D:1:      scummos_arrival_checkerplants, layout_loops_corners, minmay_hedge_maze
D:2:      layout_loops_ring, serial_shops, nicolae_shop_trees,
          amcnicky_mini_rare_corridor_liquid, uniq_natasha

Skill      XL: |  1  2  3  4 |
---------------+-------------+-----
Axes           | 2 3 4 |  4.8
Fighting       | |  3.2
Armour         | |  3.2
Shields        | |  3.2

Action                     |  1- 3 |  4- 6 || total
---------------------------+-------+-------++-------
  Melee: War axe           |    92 |    33 ||   125
  Throw: Boomerang         |    14 |    16 ||    30
    Use: Scroll            |     2 |       ||     2
         Potion            |     1 |       ||     1
 Armour: Scale mail        |    44 |    15 ||    59
  Dodge: Dodged            |    45 |    12 ||    57
  Block: Buckler           |    10 |     7 ||    17

Table legend:
 A = Non-vault XP
 B = Vault XP
 C = Vault XP percentage of total XP
 D = Non-vault monster count
 E = Vault monster count
 F = Vault count percentage of total count
                 A         B        C        D         E       F
            +---------+---------+-------+---------+---------+-------
      Total |     169 |      35 |  17.2 |      49 |       1 |   2.0
            +---------+---------+-------+---------+---------+-------
        D:1 |      48 |       0 |   0.0 |      27 |       0 |   0.0
        D:2 |     121 |      35 |  22.4 |      22 |       1 |   4.3
            +---------+---------+-------+---------+---------+-------
